 Dungeon Sprint DCSS version 0.27-a0-1200-g94dc6ad4cf (webtiles) character file.

Game seed: 3125113891996817560

3208 Conn the Thaumaturge (level 9, -5/46 HPs)
             Began as an Octopode Hedge Wizard on May 30, 2021.
             Was an Elder of Sif Muna.
             Shot with an arrow by a centaur warrior (24 damage)
             ... in the Dungeon (Sprint I: "Red Sonja").
             The game lasted 00:12:21 (1624 turns).

Conn the Thaumaturge (Octopode Hedge Wizard)        Turns: 1624, Time: 00:12:22

Health: -5/46      AC:  1    Str:  9    XL:     9   Next: 97%
Magic:  20/26      EV: 14    Int: 19    God:    Sif Muna [****..]
Gold:   479        SH:  5    Dex: 12    Spells: 21/34 levels left

rFire    . . .     SeeInvis .   j - +2 short sword (drain)
rCold    . . .     Faith    .   (no shield)
rNeg     . . .     Spirit   .   b - +0 hat
rPois    .         Reflect  +   k - amulet of reflection
rElec    .         Harm     .   (no ring)
rCorr    .         Rampage  .   (no ring)
Will     .....     Rnd*Rage +   (no ring) Stlth ++++......NoTele +
                                (no ring)
HPRegen  0.15/turn              (no ring)
MPRegen  0.20/turn              (no ring)
                                (no ring)
                                (no ring)

@: unable to read
A: almost no armour, amphibious, 8 rings, camouflage 1, gelatinous body 1,
(nimble swimmer 1), tentacles, berserk 1, frail 1, screaming 1, subdued magic 1,
inability to read while threatened
a: Renounce Religion, Channel Magic, Forget Spell, Divine Exegesis


You were in the Dungeon.
You worshipped Sif Muna.
Sif Muna was greatly pleased with you.
You visited 1 branch You collected 732 gold pieces.
You spent 253 gold pieces at shops.

Inventory:

Hand Weapons
 a - a +0 dagger
 j - a +2 short sword of draining (weapon)
 l - the +3 great mace "Nozxar" {vorpal, Dex+3}
   (You bought it in a shop in the Dungeon)

   It inflicts extra damage upon your enemies.
   It affects your dexterity (+3).
Missiles
 h - 3 curare-tipped darts (quivered)
Armour
 b - a +0 hat (worn)
Jewellery
 k - an amulet of reflection (around mantle)
Wands
 c - a wand of flame (12)
Scrolls
 i - a scroll of blinking
 m - a scroll of magic mapping {unknown}
Potions
 d - 2 potions of curing
 e - a potion of mutation {unknown}
 f - a potion of haste
 g - 2 potions of magic


   Skills:
 + Level 0.3 Fighting
 + Level 2.2 Short Blades
 + Level 1.4 Throwing
 + Level 3.9 Dodging
 + Level 6.5 Stealth
 * Level 13.2 Spellcasting
 * Level 6.9 Conjurations
 + Level 0.8 Hexes
 - Level 6.3 Summonings
 * Level 6.9 Translocations
 * Level 7.3 Fire Magic
 * Level 6.6 Air Magic
 - Level 5.0 Poison Magic
 + Level 3.1 Evocations


You had 21 spell levels left.
You knew the following spells:

 Your Spells              Type           Power      Damage    Failure   Level
a - Magic Dart            Conj           100%       1d8       1%          1
b - Blink                 Tloc           N/A        N/A       1%          2
c - Call Imp              Summ           28%        N/A       1%          2
d - Slow                  Hex            12%        N/A       4%          2
e - Conjure Flame         Conj/Fire      30%        6-21      1%          3
f - Mephitic Cloud        Conj/Pois/Air  27%        N/A       1%          3

Your spell library contained the following spells:

 Spells                   Type           Power      Damage    Failure   Level


Dungeon Overview and Level Annotations

Branches:
Dungeon (1/1)

Altars:
Cheibriados
Dithmenos
Elyvilon
Fedhas
Gozag
Hepliaklqana
Kikubaaqudgha
Nemelex Xobeh
Okawaru
Qazlal
Ru
Sif Muna
Trog
Uskayaw
Vehumet
Wu Jian
Yredelemnul
Zin
The Shining One

Shops:
D ([=[([[


Innate Abilities, Weirdness & Mutations

You cannot wear most types of armour.
You are amphibious.
You can wear up to eight rings at the same time.
Your skin changes colour to match your surroundings (Stealth+).
Your rubbery body absorbs attacks. (AC +1, EV +1)
((You are camouflaged near water. (Stealth+)))
You have tentacles for arms and can constrict up to eight enemies at once.
You tend to lose your temper in combat.
You are frail. (-10% HP)
You occasionally shout uncontrollably at your foes.
Your spells are a little easier to cast, but a little less powerful.
You sometimes lose the ability to read scrolls when taking damage.


Message History

There is a huge open gate here.
You already know all available spells.
Unknown command.
You see here a +0 troll leather armour.
There is an open door here.
There is an open door here.
There is an open door here.
You see here 19 arrows.
You see here 15 bolts.
You open the door.
A centaur warrior comes into view.
The centaur warrior moves out of view.
Casting: Magic Dart (safe; 1% risk of failure)
Confirm with . or Enter, or press ? or * to list all spells.
Okay, then.
A centaur warrior comes into view.
There is an open door here.
Casting: Magic Dart (safe; 1% risk of failure)
Confirm with . or Enter, or press ? or * to list all spells.
Aiming: Mephitic Cloud (safe; 1% risk of failure)
Press: ? - help, Shift-Dir - straight line The ball explodes into a vile cloud!
The stinking cloud engulfs the centaur warrior but does no damage.
The centaur warrior shouts!
The centaur warrior wields a +0 shortbow.
The centaur warrior shoots an arrow.
The arrow hits you!!
Ouch! That really hurt!
The centaur warrior moves out of view.
Casting: Mephitic Cloud (safe; 1% risk of failure)
Confirm with . or Enter, or press ? or * to list all spells.
Aiming: Mephitic Cloud (safe; 1% risk of failure)
Press: ? - help, Shift-Dir - straight line The ball explodes into a vile cloud!
Unknown command.
Unknown command.
Unknown command.
The centaur warrior shoots an arrow.
The arrow hits you!!
You feel threatened and lose the ability to read scrolls!
Ouch! That really hurt!
You die...

#..'5.#..'..#
'.)#..').#..+
#####'#####'# #
####..#...#)####§$#
#__####..##.#§§§§§#
#_____##'#_.+☼☼§c.+
#_.∩...'..._#○§§§c#
#_..__##_.#'##c###
#_____###'#.#(§§@###
#########.####'###[##
.....[.'...'.....'[∩#
''''####...##########
.....####.###
......#.#'#.#
#.....#.....#
5.....#..[..#
...#..#######


You could see a centaur warrior.

Vanquished Creatures
  Sonja (D)
  A deep troll (D)
  A yak (D)
  A floating eye (D)
  Ijyb (D)
  A ballistomycete spore (D)
6 creatures vanquished.

Vanquished Creatures (collateral kills)
  8 shining eyes (D)
  Sigmund (D)
  3 floating eyes (D)
  An ogre (D)
  A jelly (D)
14 creatures vanquished.

Vanquished Creatures (others)
  A gargoyle (D)
  A ballistomycete spore (D)
2 creatures vanquished.

Grand Total: 22 creatures vanquished

Notes
Turn   | Place    | Note
-------+----------+-------------------------------------------
     0 | D        | Conn the Octopode Hedge Wizard began the quest for the Orb.
     0 | D        | Reached XP level 1. HP: 11/11 MP: 4/4
     1 | D        | Noticed Ijyb
    11 | D        | Killed Ijyb
    12 | D        | Reached skill level 5 in Spellcasting
    12 | D        | Reached XP level 2. HP: 6/17 MP: 5/8
    12 | D        | Reached XP level 3. HP: 8/21 MP: 5/9
   224 | D        | Learned a level 2 spell: Call Imp
   227 | D        | Learned a level 2 spell: Blink
   230 | D        | Learned a level 2 spell: Slow
   234 | D        | Learned a level 3 spell: Conjure Flame
   245 | D        | Noticed an ogre
   249 | D        | Killed an ogre
   250 | D        | Reached skill level 6 in Spellcasting
   250 | D        | Reached skill level 1 in Fire Magic
   250 | D        | Reached XP level 4. HP: 27/27 MP: 4/12
   265 | D        | Noticed Sigmund
   329 | D        | Learned a level 3 spell: Mephitic Cloud
   347 | D        | Killed Sigmund
   348 | D        | Reached skill level 7 in Spellcasting
   348 | D        | Reached skill level 1 in Air Magic
   348 | D        | Reached XP level 5. HP: 31/31 MP: 5/15
   424 | D        | Found an ornate altar of the Wu Jian Council.
   424 | D        | Found a shimmering blue altar of Sif Muna.
   426 | D        | Found a radiant altar of Vehumet.
   435 | D        | Became a worshipper of Sif Muna the Loreminder
   522 | D        | Killed a gargoyle
   558 | D        | Found Joaxtais's Armour Emporium.
   558 | D        | Found an ancient bone altar of Kikubaaqudgha.
   558 | D        | Found a hazy altar of Hepliaklqana.
   558 | D        | Found a stormy altar of Qazlal.
   558 | D        | Found a hide-covered altar of Uskayaw.
   558 | D        | Found a blossoming altar of Fedhas.
   558 | D        | Found a bloodstained altar of Trog.
   558 | D        | Found an iron altar of Okawaru.
   558 | D        | Found a basalt altar of Yredelemnul.
   558 | D        | Found a glowing golden altar of the Shining One.
   558 | D        | Found a snail-covered altar of Cheibriados.
   558 | D        | Found a sacrificial altar of Ru.
   558 | D        | Found a glowing silver altar of Zin.
   558 | D        | Found a shadowy altar of Dithmenos.
   558 | D        | Found a white marble altar of Elyvilon.
   558 | D        | Noticed a yak
   789 | D        | Killed a yak
   790 | D        | Reached skill level 1 in Short Blades
   790 | D        | Reached skill level 8 in Spellcasting
   790 | D        | Reached XP level 6. HP: 36/36 MP: 5/17
   796 | D        | Found an opulent altar of Gozag.
   797 | D        | Found a sparkling altar of Nemelex Xobeh.
   870 | D        | Noticed Sonja
   882 | D        | Killed Sonja
   883 | D        | Reached skill level 5 in Stealth
   883 | D        | Reached skill level 10 in Spellcasting
   883 | D        | Reached skill level 1 in Evocations
   883 | D        | Reached XP level 7. HP: 29/41 MP: 4/20
  1020 | D        | Found Ylagyt's Antique Weapon Boutique.
  1028 | D        | Bought a translucent great mace for 253 gold pieces
  1028 | D        | Identified the +3 great mace "Nozxar" {vorpal, Dex+3} (You
                  | bought it in a shop in the Dungeon)
  1042 | D        | Noticed a deep troll
  1070 | D        | Killed a deep troll
  1070 | D        | Reached * piety under Sif Muna
  1071 | D        | Reached skill level 11 in Spellcasting
  1071 | D        | Reached skill level 5 in Conjurations
  1071 | D        | Reached skill level 5 in Translocations
  1071 | D        | Reached skill level 5 in Fire Magic
  1071 | D        | Reached skill level 5 in Poison Magic
  1071 | D        | Reached XP level 8. HP: 18/46 MP: 1/23
  1259 | D        | Found Bucvuqit's Armour Emporium.
  1289 | D        | Noticed a shining eye
  1289 | D        | Noticed a shining eye
  1289 | D        | Noticed a shining eye
  1298 | D        | Reached skill level 5 in Air Magic
  1302 | D        | Noticed a shining eye
  1302 | D        | Noticed a shining eye
  1302 | D        | Noticed a shining eye
  1303 | D        | Gained mutation: You are frail. (-10% HP) [a shining eye]
  1312 | D        | Paralysed by a floating eye for 2 turns
  1317 | D        | Paralysed by a floating eye for 3 turns
  1323 | D        | Paralysed by a floating eye for 2 turns
  1324 | D        | Killed a shining eye
  1325 | D        | Killed a shining eye
  1325 | D        | Reached ** piety under Sif Muna
  1326 | D        | Reached XP level 9. HP: 45/45 MP: 22/24
  1327 | D        | Reached skill level 1 in Throwing
  1329 | D        | Paralysed by a floating eye for 2 turns
  1336 | D        | Gained mutation: You sometimes lose the ability to read
                  | scrolls when taking damage. [a shining eye]
  1337 | D        | Killed a shining eye
  1338 | D        | Reached skill level 12 in Spellcasting
  1361 | D        | Gained mutation: You tend to lose your temper in combat. [a
                  | shining eye]
  1371 | D        | Gained mutation: Your spells are a little easier to cast,
                  | but a little less powerful. [a shining eye]
  1390 | D        | Gained mutation: You occasionally shout uncontrollably at
                  | your foes. [a shining eye]
  1475 | D        | Killed a shining eye
  1475 | D        | Reached *** piety under Sif Muna
  1497 | D        | Killed a shining eye
  1501 | D        | Killed a shining eye
  1511 | D        | Noticed a shining eye
  1511 | D        | Noticed a shining eye
  1549 | D        | Killed a shining eye
  1550 | D        | Reached skill level 13 in Spellcasting
  1550 | D        | Killed a shining eye
  1550 | D        | Reached **** piety under Sif Muna
  1570 | D        | Found Zeifaw's Weapon Shop.
  1570 | D        | Found Diorol's Armour Shoppe.
  1570 | D        | Found Ucat's Armour Boutique.
  1570 | D        | Found Ziuf's Jewellery Emporium.
  1619 | D        | Noticed a centaur warrior
  1621 | D        | Noticed a centaur warrior
  1624 | D        | Shot with an arrow by a centaur warrior

Illustrated notes

Levels and vault maps discovered:
D:        dungeon_sprint_1 [red_sonja_temple_1, red_sonja_temple_small_1]

Skill      XL: |  1  2  3  4  5  6  7  8  9 |
---------------+----------------------------+-----
Stealth        | 3 4 5 6 |  6.5
Spellcasting   | 5 6 7 8 10 11 13 | 13.2
Dodging        | 3 |  3.9
Fire Magic     | 1 2 3 4 5 6 7 |  7.3
Conjurations   | 2 3 4 5 6 |  6.9
Summonings     | 2 3 6 |  6.3
Translocations | 2 3 4 5 6 |  6.9
Air Magic      | 1 2 4 5 6 |  6.6
Poison Magic   | 2 3 4 5 |  5.0
Short Blades   | 1 2 |  2.2
Evocations     | 1 2 3 |  3.1
Throwing       | 1 |  1.4
Fighting       | |  0.3
Hexes          | |  0.8

Action                   |  1- 3 |  4- 6 |  7- 9 || total
-------------------------+-------+-------+-------++-------
Melee: Dagger            |     4 |     4 |       ||     8
       Tentacles         |     1 |     1 |       ||     2
       Constrict         |     1 |       |     1 ||     2
       Short sword       |       |       |     3 ||     3
Throw: Dart              |       |       |     3 ||     3
 Cast: Call Imp          |     3 |    10 |    16 ||    29
       Magic Dart        |       |     3 |     4 ||     7
       Mephitic Cloud    |       |     4 |     5 ||     9
       Blink             |       |     2 |     3 ||     5
       Slow              |       |     1 |       ||     1
       Conjure Flame     |       |       |     3 ||     3
Evoke: Wand              |       |     6 |       ||     6
  Use: Potion            |     2 |       |     1 ||     3
 Stab: Confused          |       |     1 |       ||     1
       Sleeping          |       |     1 |       ||     1
Dodge: Dodged            |       |     4 |     3 ||     7
Block: Other             |       |       |     1 ||     1

Table legend: (Time is in decaauts)
 A = Elapsed time spent in this place.
 B = Non-inter-level travel time spent in this place.
 C = Inter-level travel time spent in this place.
 D = Time resting spent in this place.
 E = Time spent auto-exploring this place.
 F = Levels seen in this place.
 G = Mean time per level.
                   A        B        C        D        E       F      G
               +--------+--------+--------+--------+--------+-----+--------+
         Total |   1628 |   1628 |      0 |    924 |      0 |   1 | 1628.0 |
       Dungeon |   1628 |   1628 |      0 |    924 |      0 |   1 | 1628.0 |
               +--------+--------+--------+--------+--------+-----+--------+

Top non-repeatable levels by time:
       D: 1628 daAuts
